 Dungeon Crawl Stone Soup version 0.28.0-53-g5a82cb258f (webtiles) character file.

Game seed: 7487425739901214197

9237 DocClef the Thaumaturge (level 11, -6/72 HPs)
             Began as a Gnoll Fire Elementalist on July 15, 2022.
             Was an Elder of Hepliaklqana.
             Killed from afar by an acid dragon (23 damage)
             ... with a splash of acid
             ... on level 10 of the Dungeon.
             The game lasted 00:25:17 (15454 turns).

DocClef the Thaumaturge (Gnoll Fire Elementalist)  Turns: 15454, Time: 00:25:18

Health: -6/72      AC: 19    Str: 20    XL:     11   Next: 43%
Magic:  23/23      EV:  8    Int: 18    God:    Hepliaklqana [****..]
Gold:   489        SH:  5    Dex: 13    Spells: 17/26 levels left

rFire   . . .      SeeInvis +   B - +4 flail (protect)
rCold   . . .      Faith    .   g - +0 buckler
rNeg    . . .      Spirit   .   s - +1 plate armour of Haystalo {Drain rPois Slay+5 SInv}
rPois   +          Reflect  .   j - +0 helmet
rElec   .          Harm     .   (no cloak)
rCorr   .          Rampage  .   (no gloves)
Will    .....                   l - +0 pair of boots
Stlth   ..........              (no amulet)
HPRegen 0.22/turn               k - +6 ring of strength
MPRegen 0.18/turn               m - +6 ring of strength

@: corroded, under a protective aura
A: reduced essence, fangs 1, strong nose, distributed training
a: Renounce Religion, Recall Ancestor, Ancestor Identity, Transference, Idealise


You were on level 10 of the Dungeon.
You worshipped Hepliaklqana.
Hepliaklqana was greatly pleased with you.
You visited 3 branches of the dungeon, and saw 12 of its levels.

You collected 489 gold pieces.

Inventory:

Hand Weapons
 q - a +4 dagger of venom
 B - a +4 flail of protection (weapon)
Missiles
 b - 6 javelins
 w - 28 poisoned darts
Armour
 g - a +0 buckler (worn)
 j - a +0 helmet (worn)
 l - a +0 pair of boots (worn)
 n - a +3 leather armour
 p - a +1 leather armour of fire resistance
 s - the +1 plate armour of Haystalo (worn) {Drain rPois Slay+5 SInv}
   (You found it on level 9 of the Dungeon)

   Slay:      It affects your accuracy & damage with ranged weapons and melee
   (+5).
   rPois:     It protects you from poison.
   SInv:      It lets you see invisible.
   Drain:     It drains your maximum health when unequipped.
Jewellery
 c - an amulet of guardian spirit
 f - a ring of protection from cold
 k - a +6 ring of strength (left hand)
 m - a +6 ring of strength (right hand)
 z - a ring of positive energy
 I - a ring of willpower
Wands
 t - a wand of flame (19)
 x - a wand of polymorph (2)
 H - a wand of acid (11)
Scrolls
 a - a scroll of silence
 d - a scroll of teleportation
 h - 3 scrolls of vulnerability
 o - a scroll of enchant armour {unknown}
 u - 3 scrolls of fear
 E - 2 scrolls of magic mapping
Potions
 e - 4 potions of might
 i - 7 potions of curing
 r - 2 potions of berserk rage
 v - a potion of resistance
 A - 3 potions of brilliance
 D - 3 potions of heal wounds
 F - 2 potions of flight


   Skills:
 + Level 6.3 Fighting
 + Level 6.3 Short Blades
 + Level 6.3 Long Blades
 + Level 6.3 Axes
 + Level 6.3 Maces & Flails
 + Level 6.3 Polearms
 + Level 6.3 Staves
 + Level 6.3 Slings
 + Level 6.3 Bows
 + Level 6.3 Crossbows
 + Level 6.3 Throwing
 + Level 6.3 Armour
 + Level 7.9 Dodging
 + Level 7.6 Stealth
 + Level 6.3 Shields
 + Level 6.3 Unarmed Combat
 + Level 8.1 Spellcasting
 + Level 5.7 Conjurations
 + Level 5.2 Hexes
 + Level 5.2 Summonings
 + Level 5.2 Necromancy
 + Level 5.2 Translocations
 + Level 5.2 Transmutations
 + Level 7.6 Fire Magic
 + Level 5.2 Ice Magic
 + Level 5.2 Air Magic
 + Level 5.2 Earth Magic
 + Level 5.2 Poison Magic
 + Level 6.9 Invocations
 + Level 6.3 Evocations


You had 17 spell levels left.
You knew the following spells:

 Your Spells              Type           Power      Damage    Failure   Level
a - Foxfire               Conj/Fire      100%       2x1d9     19%         1
b - Scorch                Fire           68%        2d8       19%         2
c - Conjure Flame         Conj/Fire      31%        6-21      50%         3
d - Inner Flame           Hex/Fire       30%        N/A       52%         3

Your spell library contained the following spells:

 Spells                   Type           Power      Damage    Failure   Level
 Shock                    Conj/Air       100%       1d9       30%         1
 Sting                    Tmut/Pois      100%       1d8       32%         1
 Static Discharge         Conj/Air       27%        N/A       41%         2
 Blink                    Tloc           52%        N/A       45%         2
 Poisonous Vapours        Pois/Air       52%        N/A       45%         2
 Gell's Gravitas          Tloc           26%        N/A       69%         3
 Lesser Beckoning         Tloc           26%        N/A       69%         3
 Ozocubu's Armour         Ice            26%        N/A       69%         3
 Swiftness                Air            26%        N/A       69%         3
 Teleport Other           Tloc           26%        N/A       69%         3
 Flame Wave               Conj/Fire      31%        2d8       88%         4
 Sticky Flame             Conj/Fire      31%        2d5       88%         4
 Iskenderun's Mystic Bla  Conj/Tloc      27%        2d7       96%         4
 Airstrike                Air            13%        N/A       97%         4
 Dispel Undead            Necr           26%        3d13      97%         4
 Olgreb's Toxic Radiance  Pois           26%        N/A       97%         4
 Fireball                 Conj/Fire      15%        3d8       99%         5
 Manifold Assault         Tloc           26%        N/A       100%        5
 Dispersal                Tloc           13%        N/A       100%        6
 Ozocubu's Refrigeration  Ice            13%        4d7       100%        7
 Lehudib's Crystal Spear  Conj/Erth      13%        10d5      100%        8


Dungeon Overview and Level Annotations

Branches:
Dungeon (10/15)            Temple (1/1) D:4            Lair (1/6) D:9
    Orc: D:9-12

Altars:
Ashenzari
Cheibriados
Dithmenos
Elyvilon
Fedhas
Gozag
Hepliaklqana
Kikubaaqudgha
Makhleb
Nemelex Xobeh
Okawaru
Qazlal
Ru
Sif Muna
Trog
Uskayaw
Vehumet
Wu Jian
Xom
Yredelemnul
Zin
The Shining One

Shops:
D:10 [


Innate Abilities, Weirdness & Mutations

Your life essence is reduced to manifest your ancestor. (-10% HP)
You have very sharp teeth.
Your uncanny sense of smell can sniff out nearby items.
Your experience applies equally to all skills.


Message History

The orc warrior is severely wounded.
The orc warrior hits you but does no damage.
The orc barely misses Ammiditana.
The orc warrior hits you but does no damage.
You hit the orc warrior.
The orc warrior is almost dead.
Ammiditana blocks the orc's attack.
You block the orc warrior's attack.
The orc hits Ammiditana but does no damage.
You sock the orc warrior!
You kill the orc warrior!
The orc wizard gestures at you while chanting.
The magic dart hits you but does no damage.
The orc closely misses Ammiditana.
Unknown command.
You thump the orc!
You kill the orc!
You bludgeon the orc wizard!!
You kill the orc wizard!
The acid dragon spits acid at you. The splash of acid hits you!!
* * * LOW HITPOINT WARNING * * *
The acid corrodes you!
Ammiditana closely misses the acid dragon.
The acid dragon bites you but does no damage.
The acid dragon barely misses you.
You barely miss the acid dragon. Your bite misses the acid dragon.
Ammiditana barely misses the acid dragon.
The acid dragon bites you but does no damage.
The acid dragon closely misses you. You block the orc's attack.
Unknown command.
You barely miss the acid dragon.
Ammiditana hits the acid dragon with a +0 flail.
The acid dragon bites you but does no damage.
The acid dragon barely misses you. The orc closely misses you.
You hit the acid dragon.
The acid dragon is moderately wounded.
Ammiditana hits the acid dragon with a +0 flail!
The acid dragon spits acid at you. The splash of acid hits you!!
You die...

##.#### #........# #.#
##.###.### #.# #.# #
#.###.### #........ #
##### #####.### #..
...# ###.##.#
#....###D######......##
......o@R.............+
#....###.######....####
#.. #.# #.#.## # #.#
#.### #.# #.# ..# #.#
### #.# #.# #.#


You could see the friendly Ammiditana the knight, an acid dragon (catching
breath, ally target) and an orc.

Vanquished Creatures
  2 two-headed ogres
  A death yak (D:9)
  Grinder (D:5)
  4 yaks
  4 vampire mosquitoes
  Edmund (D:4)
  A water moccasin (D:5)
  Duvessa (D:6)
  3 orc warriors
  A black bear (D:1)
  A sky beast (D:6)
  A hornet zombie (D:8)
  2 ice beasts
  2 necrophages
  2 ogres
  A centaur (D:8)
  A phantom (D:7)
  A kobold brigand (D:9)
  2 gnoll sergeants
  3 bullfrogs
  2 scorpions
  Dowan (D:6)
  A water moccasin skeleton (D:5)
  A howler monkey (D:4)
  4 crimson imps (D:9)
  A centaur zombie (D:10)
  A bullfrog zombie (D:6)
  A jelly (D:7)
  2 hounds (D:5)
  5 orc priests
  2 centaur skeletons
  A scorpion zombie (D:5)
  Natasha (twice) (D:3)
  3 iguanas
  8 orc wizards
  A hell rat (D:9)
  10 adders
  8 gnolls
  3 white imps
  An ufetubus (D:6)
  2 adder skeletons (D:4)
  3 dart slugs
  28 orcs
  9 ball pythons
  7 bats
  7 endoplasms
  5 giant cockroaches
  10 hobgoblins
  4 jackals
  3 quokkas
  A frilled lizard (D:1)
  9 goblins
  11 kobolds
  8 rats
200 creatures vanquished.

Vanquished Creatures (collateral kills)
  A death yak (D:9)
  A black mamba (Lair:1)
  An unseen horror (D:10)
  A polar bear (Lair:1)
  A shadow (D:9)
  3 yaks
  A steam dragon (D:9)
  A water moccasin (Lair:1)
  A black bear (D:7)
  A centaur (D:9)
  A wyvern skeleton (D:7)
  2 howler monkeys (D:7)
  3 crimson imps (D:9)
  An orc priest (D:8)
  A hound (D:7)
  An orc wizard (D:9)
  A howler monkey zombie (D:7)
  4 gnolls
  A river rat (D:9)
  4 orcs
  3 kobolds (D:9)
  A rat (D:9)
35 creatures vanquished.

Vanquished Creatures (others)
  A yak (D:8)
  2 knights (D:9)
  3 ancestors (D:6)
  1059 foxfires
  3 fungi (D:3)
  10 plants
1078 creatures vanquished.

Grand Total: 1313 creatures vanquished

Notes
Turn   | Place    | Note
-------+----------+-------------------------------------------
     0 | D:1      | DocClef the Gnoll Fire Elementalist began the quest for the
                  | Orb.
     0 | D:1      | Reached XP level 1. HP: 13/13 MP: 6/6
   233 | D:1      | Reached XP level 2. HP: 19/19 MP: 4/7
  1171 | D:1      | Reached XP level 3. HP: 23/25 MP: 6/9
  1371 | D:1      | Reached skill level 5 in Spellcasting
  1803 | D:1      | Reached skill level 1 in Invocations
  1896 | D:2      | Noticed a black bear
  2113 | D:2      | Reached skill level 1 in Fighting
  2113 | D:2      | Reached skill level 1 in Short Blades
  2113 | D:2      | Reached skill level 1 in Long Blades
  2113 | D:2      | Reached skill level 1 in Axes
  2113 | D:2      | Reached skill level 1 in Maces & Flails
  2113 | D:2      | Reached skill level 1 in Polearms
  2113 | D:2      | Reached skill level 1 in Staves
  2113 | D:2      | Reached skill level 1 in Slings
  2113 | D:2      | Reached skill level 1 in Bows
  2113 | D:2      | Reached skill level 1 in Crossbows
  2113 | D:2      | Reached skill level 1 in Throwing
  2113 | D:2      | Reached skill level 1 in Armour
  2113 | D:2      | Reached skill level 1 in Shields
  2113 | D:2      | Reached skill level 1 in Unarmed Combat
  2113 | D:2      | Reached skill level 1 in Evocations
  2140 | D:1      | Killed a black bear
  2141 | D:1      | Reached skill level 1 in Hexes
  2141 | D:1      | Reached skill level 1 in Summonings
  2141 | D:1      | Reached skill level 1 in Necromancy
  2141 | D:1      | Reached skill level 1 in Translocations
  2141 | D:1      | Reached skill level 1 in Transmutations
  2141 | D:1      | Reached skill level 1 in Ice Magic
  2141 | D:1      | Reached skill level 1 in Air Magic
  2141 | D:1      | Reached skill level 1 in Earth Magic
  2141 | D:1      | Reached skill level 1 in Poison Magic
  2141 | D:1      | Reached XP level 4. HP: 14/32 MP: 4/11
  2141 | D:1      | Reached XP level 5. HP: 17/37 MP: 4/12
  2798 | D:2      | Got the Incunabulum of Arcane Weapons
  3432 | D:3      | Noticed a necrophage
  3458 | D:3      | Killed a necrophage
  3459 | D:3      | Reached XP level 6. HP: 38/44 MP: 4/14
  3555 | D:3      | Reached skill level 5 in Dodging
  4109 | D:3      | Noticed Natasha
  4113 | D:3      | Killed Natasha
  4465 | D:3      | Learned a level 2 spell: Scorch
  4469 | D:3      | Learned a level 3 spell: Conjure Flame
  4491 | D:3      | Noticed Natasha
  4498 | D:3      | Killed Natasha
  4499 | D:3      | Reached XP level 7. HP: 46/50 MP: 7/15
  4553 | D:3      | Found a faded altar of an unknown god.
  4990 | D:4      | Found a staircase to the Ecumenical Temple.
  5418 | Temple   | Entered the Ecumenical Temple
  5673 | Temple   | Became a worshipper of Hepliaklqana the Forgotten
  5844 | D:4      | Noticed Edmund
  5851 | D:4      | Reached skill level 5 in Stealth
  6477 | D:5      | Entered Level 5 of the Dungeon
  6689 | D:5      | Reached XP level 8. HP: 57/57 MP: 9/16
  6951 | D:5      | Reached * piety under Hepliaklqana
  6977 | D:5      | Noticed Grinder
  6999 | D:5      | Killed Grinder
  7000 | D:5      | Reached skill level 6 in Spellcasting
  7631 | D:4      | Killed Edmund
  7883 | D:6      | Noticed a two-headed ogre
  7905 | D:6      | Killed a two-headed ogre
  7906 | D:6      | Reached XP level 9. HP: 14/58 MP: 0/18
  8749 | D:6      | Noticed Duvessa
  8749 | D:6      | Noticed Dowan
  8773 | D:6      | Killed Duvessa
  8776 | D:6      | Killed Dowan
  9189 | D:6      | Reached ** piety under Hepliaklqana
  9190 | D:6      | Remembered your ancestor Ammiditana as a knight
  9215 | D:6      | Reached skill level 5 in Invocations
  9631 | D:7      | Found a glowing silver altar of Zin.
  9631 | D:7      | Noticed an angel
  9665 | D:7      | Reached skill level 7 in Spellcasting
  9882 | D:7      | Reached XP level 10. HP: 65/65 MP: 18/20
 10046 | D:8      | Learned a level 3 spell: Inner Flame
 10172 | D:8      | Reached skill level 5 in Fighting
 10172 | D:8      | Reached skill level 5 in Short Blades
 10172 | D:8      | Reached skill level 5 in Long Blades
 10172 | D:8      | Reached skill level 5 in Axes
 10172 | D:8      | Reached skill level 5 in Maces & Flails
 10172 | D:8      | Reached skill level 5 in Polearms
 10172 | D:8      | Reached skill level 5 in Staves
 10172 | D:8      | Reached skill level 5 in Slings
 10172 | D:8      | Reached skill level 5 in Bows
 10172 | D:8      | Reached skill level 5 in Crossbows
 10172 | D:8      | Reached skill level 5 in Throwing
 10172 | D:8      | Reached skill level 5 in Armour
 10172 | D:8      | Reached skill level 5 in Shields
 10172 | D:8      | Reached skill level 5 in Unarmed Combat
 10172 | D:8      | Reached skill level 5 in Evocations
 10620 | D:7      | HP: 2/66 [yak (5)]
 11057 | D:8      | Reached *** piety under Hepliaklqana
 12072 | D:9      | Reached skill level 5 in Conjurations
 12225 | D:9      | Noticed a death yak
 12233 | D:9      | Noticed a death yak
 12234 | D:9      | Noticed a death yak
 12881 | D:9      | Identified the +1 plate armour of Haystalo {Drain rPois
                  | Slay+5 SInv}
 12881 | D:9      | Noticed a two-headed ogre
 12891 | D:9      | Killed a two-headed ogre
 13307 | D:9      | Found a staircase to the Lair.
 13777 | D:9      | Killed a death yak
 13778 | D:9      | Reached XP level 11. HP: 50/72 MP: 16/22
 13781 | D:9      | Killed a death yak
 13782 | D:9      | Reached skill level 5 in Hexes
 13782 | D:9      | Reached skill level 5 in Summonings
 13782 | D:9      | Reached skill level 5 in Necromancy
 13782 | D:9      | Reached skill level 5 in Translocations
 13782 | D:9      | Reached skill level 5 in Transmutations
 13782 | D:9      | Reached skill level 5 in Ice Magic
 13782 | D:9      | Reached skill level 5 in Air Magic
 13782 | D:9      | Reached skill level 5 in Earth Magic
 13782 | D:9      | Reached skill level 5 in Poison Magic
 13913 | Lair:1   | Entered Level 1 of the Lair of Beasts
 14033 | Lair:1   | Reached skill level 8 in Spellcasting
 14536 | Lair:1   | Reached **** piety under Hepliaklqana
 15018 | D:10     | Entered Level 10 of the Dungeon
 15307 | D:10     | Found Nugeong's Antique Armour Shoppe.
 15454 | D:10     | Killed from afar by an acid dragon

Illustrated notes

Levels and vault maps discovered:
D:1:      wander_arrival_estate, layout_basic, serial_corexii_hall,
          corexii_hall_statues_deadend, chequers_hall_statues_wall_a
D:2:      layout_rooms
D:3:      layout_basic, dreamdust_ecumenical_altar_hidden_monk_grotto,
          uniq_natasha
D:4:      layout_gridville, minmay_temple_entry_arrows, uniq_edmund
D:5:      layout_loops_ring, serial_bayou_pond_d, uniq_grinder
D:6:      layout_loops_ring, grunt_ministairs_14, uniq_duvessa
D:7:      layout_basic, zin_angel
D:8:      layout_gridville, chequers_jeans
D:9:      layout_loops_corners, dpeg_lair_monsters, minmay_nine_imps
D:10:     layout_loops_corners, serial_shops, nicolae_shop_waterfront,
          hellmonk_guarded_unrand_cigotuvi
Temple:   nicolae_temple_the_god_donut
Lair:1:   layout_gridlike

Skill      XL: |  1  2  3  4  5  6  7  8  9 10 11 |
---------------+----------------------------------+-----
Conjurations   | 2 3 4 5 |  5.7
Spellcasting   | 5 6 7 8 |  8.1
Invocations    | 1 2 3 4 5 6 |  6.9
Fighting       | 1 2 4 5 6 |  6.3
Short Blades   | 1 2 4 5 6 |  6.3
Long Blades    | 1 2 4 5 6 |  6.3
Axes           | 1 2 4 5 6 |  6.3
Maces & Flails | 1 2 4 5 6 |  6.3
Polearms       | 1 2 4 5 6 |  6.3
Staves         | 1 2 4 5 6 |  6.3
Slings         | 1 2 4 5 6 |  6.3
Bows           | 1 2 4 5 6 |  6.3
Crossbows      | 1 2 4 5 6 |  6.3
Throwing       | 1 2 4 5 6 |  6.3
Armour         | 1 2 4 5 6 |  6.3
Shields        | 1 2 4 5 6 |  6.3
Unarmed Combat | 1 2 4 5 6 |  6.3
Evocations     | 1 2 4 5 6 |  6.3
Hexes          | 1 2 3 4 5 |  5.2
Summonings     | 1 2 3 4 5 |  5.2
Necromancy     | 1 2 3 4 5 |  5.2
Translocations | 1 2 3 4 5 |  5.2
Transmutations | 1 2 3 4 5 |  5.2
Ice Magic      | 1 2 3 4 5 |  5.2
Air Magic      | 1 2 3 4 5 |  5.2
Earth Magic    | 1 2 3 4 5 |  5.2
Poison Magic   | 1 2 3 4 5 |  5.2
Dodging        | 5 6 7 |  7.9
Stealth        | 5 6 7 |  7.6
Fire Magic     | 6 7 |  7.6

Action                   |  1- 3 |  4- 6 |  7- 9 | 10-12 || total
-------------------------+-------+-------+-------+-------++-------
Melee: Dagger            |    49 |    19 |    23 |       ||    91
       Bite              |     5 |     2 |    11 |    20 ||    38
       Punch             |     1 |       |       |       ||     1
       Flail             |       |       |    64 |   136 ||   200
Throw: Dart              |       |       |     2 |       ||     2
 Cast: Foxfire           |    89 |   133 |   254 |   157 ||   633
       Conjure Flame     |       |       |    10 |     5 ||    15
       Scorch            |       |       |    13 |    18 ||    31
Invok: Ancestor Life: Kn |       |       |     1 |       ||     1
       Recall Ancestor   |       |       |       |     1 ||     1
  Use: Scroll            |       |       |     3 |    14 ||    17
       Potion            |       |       |       |     3 ||     3
 Stab: Sleeping          |       |     1 |     2 |       ||     3
       Distracted        |       |       |     3 |       ||     3
Armor: Robe              |     8 |     2 |       |       ||    10
       Leather armour    |       |    10 |    42 |    44 ||    96
       Plate armour      |       |       |       |    28 ||    28
Dodge: Dodged            |    53 |    13 |    82 |    95 ||   243
Block: Buckler           |    11 |     4 |    37 |    43 ||    95
